Map: [TLMC15] Glittering Ashes

Players

Reynor - Winner!

  • Race: Zerg Zerg

HeroMarine

  • Race: Terran Terran

Event: DreamHack SC2 Masters Last Chance 2022

VOD

Have the link to the VOD?

Description

Time

  • Played on: Jan. 12, 2022, 9:21 a.m.
  • Length: 15:58

All games in this series

Show
View Real Time Build Order
Export as new Build Order

Reynor Zerg - Winner!

Build Orders: Hatch First, Lurkers 

Get SALT Encoding   

  12  0:00  Drone  
  13  0:12  Overlord  
  13  0:17  Drone  
  14  0:30  Drone x2  
  16  0:49  Hatchery  
  15  0:52  Drone  
  15  0:56  Drone  
  17  0:59  Drone  
  18  1:10  Extractor  
  17  1:15  Spawning Pool  
  17  1:18  Drone  
  17  1:21  Drone  
  18  1:27  Drone  
  19  1:38  Drone  
  20  1:48  Overlord  
  20  2:01  Queen x2  
  20  2:02  Zergling x4  
  26  2:10  Drone  
  26  2:11  Drone  
  28  2:21  Drone  
  28  2:22  Drone  
  30  2:29  Hatchery  
  29  2:33  Drone  
  29  2:34  Drone  
  31  2:40  Metabolic Boost  
  31  2:47  Queen  
  33  2:51  Overlord  
  33  2:54  Drone  
  33  2:56  Drone  
  35  2:59  Drone  
  36  3:10  Overlord  
  36  3:12  Drone x4  
  40  3:17  Queen  
  42  3:20  Drone  
  42  3:21  Drone  
  42  3:25  Spore Crawler  
  44  3:29  Drone  
  44  3:31  Drone  
  44  3:33  Queen  
  48  3:37  Overlord  
  48  3:41  Drone x2  
  48  3:46  Queen  
  48  3:47  Overlord  
  52  3:56  Drone x4  
  52  3:58  Drone  
  52  3:59  Overlord  
  57  4:04  Zergling x2  
  57  4:06  Zergling x2  
  59  4:12  Zergling x6  
  59  4:13  Queen  
  59  4:15  Drone x2  
  66  4:20  Drone x2  
  68  4:24  Queen  
  68  4:25  Overlord  
  68  4:28  Drone  
  72  4:31  Queen, Drone  
  72  4:36  Spore Crawler  
  72  4:41  Overlord  
  72  4:42  Spore Crawler, Drone x2  
  73  4:47  Drone x4  
  78  4:52  Drone  
  78  4:53  Evolution Chamber x2  
  78  4:56  Zergling x6  
  79  5:04  Zergling x8  
  79  5:06  Drone  
  84  5:09  Drone  
  84  5:11  Extractor  
  84  5:12  Overlord  
  85  5:14  Drone  
  85  5:18  Drone  
  85  5:19  Hatchery  
  85  5:21  Zerg Ground Armor Level 1, Zerg Melee Weapons Level 1  
  85  5:23  Overlord  
  85  5:24  Drone x2  
  85  5:26  Drone  
  88  5:29  Lair  
  88  5:31  Drone x2  
  88  5:32  Overlord  
  90  5:37  Drone x3  
  90  5:38  Extractor, Drone  
  90  5:40  Overlord  
  90  5:42  Drone x2  
  95  5:46  Drone  
  95  5:48  Drone  
  95  5:49  Baneling Nest  
  96  5:51  Drone  
  96  5:52  Drone  
  96  5:55  Drone x2  
  96  5:56  Overlord  
  100  6:00  Drone  
  100  6:02  Extractor  
  100  6:03  Extractor, Queen  
  101  6:08  Drone x2  
  100  6:11  Drone  
  100  6:13  Zergling x2  
  100  6:16  Zergling x2  
  98  6:21  Zergling x6  
  98  6:22  Drone  
  98  6:23  Drone x3  
  101  6:26  Drone  
  101  6:30  Drone  
  101  6:31  Queen, Drone  
  101  6:32  Drone  
  106  6:36  Drone  
  106  6:39  Spore Crawler  
  106  6:41  Drone x2  
  106  6:42  Centrifugal Hooks, Drone x2  
  106  6:44  Drone  
  106  6:45  Drone  
  112  6:49  Drone  
  112  6:51  Drone  
  112  6:53  Drone  
  115  6:55  Drone  
  115  6:58  Drone  
  115  6:59  Overlord  
  117  7:01  Drone x2  
  117  7:03  Drone  
  117  7:04  Drone  
  117  7:08  Zergling x2  
  122  7:10  Drone x3  
  122  7:11  Zergling x2  
  122  7:13  Zergling x2  
  122  7:14  Drone  
  127  7:17  Zerg Ground Armor Level 2, Zerg Melee Weapons Level 2  
  127  7:20  Zergling x8  
  131  7:23  Overlord  
  131  7:28  Drone x2  
  133  7:33  Zergling x8  
  133  7:34  Spore Crawler  
  133  7:35  Hatchery, Baneling x11  
  133  7:36  Zergling x2, Overlord  
  135  7:40  Drone x2  
  135  7:41  Zergling x4  
  135  7:42  Zergling x2  
  135  7:43  Spore Crawler  
  139  7:47  Zergling x6  
  139  7:48  Zergling x4  
  139  7:51  Baneling x4  
  144  7:53  Overlord  
  144  7:54  Zergling x2  
  145  7:58  Overlord  
  145  8:05  Zergling x18  
  148  8:08  Overlord  
  148  8:10  Zergling x4  
  148  8:11  Queen  
  147  8:15  Zergling x4  
  147  8:16  Zergling x2  
  147  8:19  Drone x4  
  150  8:22  Hydralisk Den  
  150  8:23  Extractor  
  150  8:24  Zergling x4  
  150  8:25  Infestation Pit  
  149  8:28  Zergling x2  
  149  8:32  Zergling x6  
  149  8:33  Zergling x2  
  152  8:34  Hatchery  
  152  8:35  Drone x2  
  152  8:36  Spore Crawler, Drone x2  
  152  8:40  Spore Crawler, Zergling x4  
  155  8:46  Zergling x10  
  155  8:47  Baneling x9  
  152  8:49  Extractor  
  152  8:50  Extractor  
  152  8:51  Zergling x10  
  152  8:54  Queen x3  
  157  8:56  Overlord  
  157  8:57  Zergling x2, Baneling x6  
  158  9:03  Zergling x6  
  158  9:04  Baneling x7  
  161  9:13  Hive  
  158  9:17  Drone x3  
  158  9:20  Zergling x18  
  158  9:22  Overlord  
  158  9:23  Zergling x6  
  171  9:27  Zergling x2  
  171  9:29  Baneling x2  
  171  9:30  Burrow, Baneling x3  
  168  9:38  Zergling x2  
  168  9:39  Zergling x12  
  168  9:41  Lurker Den  
  173  9:46  Zergling x2  
  173  9:47  Zergling x6  
  173  9:48  Zergling x2  
  173  9:49  Zergling x6  
  173  9:52  Baneling x7  
  181  9:54  Zergling x2  
  182  10:05  Zergling x8  
  184  10:08  Zergling x6  
  184  10:13  Hydralisk x3  
  192  10:18  Zergling x10  
  192  10:20  Zergling x2  
  192  10:21  Zergling x6  
  185  10:23  Hatchery  
  185  10:27  Queen, Overlord  
  183  10:29  Zergling x2  
  183  10:30  Zergling x2  
  183  10:33  Zergling x4  
  181  10:39  Hydralisk x2  
  181  10:41  Seismic Spines  
  184  10:44  Zergling x6  
  184  10:45  Zergling x4  
  189  10:55  Zergling x8  
  194  10:57  Lurker x3  
  194  10:58  Baneling x7  
  194  11:00  Zerg Missile Weapons Level 1, Zerg Ground Armor Level 3  
  194  11:04  Zergling x2  
  196  11:05  Hydralisk  
  196  11:06  Zergling x2  
  196  11:08  Zergling x2  
  198  11:14  Overlord  
  198  11:16  Zergling x6  
  198  11:17  Zergling x4  
  185  11:22  Hydralisk  
  183  11:28  Hydralisk x2  
  183  11:29  Zergling x2, Lurker  
  183  11:30  Lurker  
  183  11:31  Adrenal Glands  
  190  11:32  Zergling x2  
  190  11:33  Zergling x6  
  190  11:34  Zergling x2  
  190  11:37  Hydralisk  
  184  11:41  Hydralisk x2  
  184  11:42  Zergling x4  
  184  11:45  Hydralisk  
  184  11:46  Zergling x2  
  181  11:51  Zergling x4, Baneling Nest  
  180  11:56  Zergling x2  
  180  11:57  Hydralisk  
  177  12:02  Zergling x8  
  177  12:03  Zergling x4  
  177  12:04  Hydralisk x2  
  177  12:07  Zergling x2  
  177  12:08  Zergling x2  
  171  12:10  Lurker x3  
  171  12:11  Adaptive Talons, Hatchery  
  171  12:12  Zergling x8  
  172  12:15  Zergling x2  
  172  12:22  Drone x3  
  176  12:24  Hydralisk  
  178  12:31  Lurker x2  
  178  12:32  Zergling x6  
  178  12:35  Zergling x2  
  183  12:39  Drone  
  183  12:40  Drone x3  
  183  12:41  Baneling x2  
  183  12:44  Hatchery  
  182  12:45  Zergling x8  
  182  12:46  Zergling x2  
  188  12:51  Zergling x2  
  188  12:52  Zergling x6  
  188  12:54  Zergling x2  
  188  12:57  Zergling x4, Hydralisk  
  194  13:02  Drone  
  194  13:06  Hydralisk  
  194  13:09  Zergling x4  
  194  13:10  Zergling x2  
  194  13:11  Zergling x4  
  196  13:15  Drone x3  
  187  13:32  Hydralisk x3  
  187  13:33  Zergling x20  
  187  13:37  Zergling x2  
  172  13:42  Zergling x8  
  172  13:44  Zergling x8  
  172  13:48  Muscular Augments  
  174  13:53  Drone x4  
  178  13:58  Lurker x9  
  187  14:03  Drone x2  
  187  14:04  Drone x6  
  187  14:06  Zergling x6  
  187  14:07  Zergling x2  
  187  14:08  Zergling x2  
  192  14:26  Zergling x2  
  192  14:27  Zergling x24  
  192  14:29  Zergling x4  
  192  14:30  Zergling x6  
  199  14:31  Zergling x2  
  199  14:35  Hydralisk  
  199  14:36  Zergling x2  
  191  14:40  Zergling x6  
  191  14:41  Zergling x4  
  191  14:42  Overseer x3  
  191  14:43  Zergling x10  
  185  14:47  Hydralisk  
  177  14:53  Zergling x8  
  177  14:54  Zergling x2  
  177  14:57  Hydralisk  
  182  15:00  Zergling x6  
  182  15:03  Lurker x2  
  182  15:04  Lurker  
  182  15:05  Zergling x2, Hatchery, Hydralisk  
  182  15:06  Zergling x4  
  192  15:08  Zergling x4  
  193  15:15  Lurker, Baneling x7  
  193  15:16  Zergling x4, Hydralisk  
  193  15:17  Zergling x2  
  199  15:27  Zergling x2  
  196  15:34  Lurker  
Show
View Real Time Build Order
Export as new Build Order

HeroMarine Terran 

Build Orders: Hellion Opening, Reaper Expand 

Get SALT Encoding   

  12  0:00  SCV  
  13  0:12  SCV  
  14  0:17  Supply Depot  
  14  0:24  SCV  
  15  0:38  SCV  
  15  0:39  Barracks  
  16  0:43  Refinery  
  16  0:50  SCV  
  17  1:02  SCV  
  18  1:14  SCV  
  19  1:26  Orbital Command, Reaper  
  20  1:38  Command Center  
  20  1:45  Supply Depot  
  20  1:52  SCV  
  21  1:58  Marine  
  22  2:04  SCV  
  23  2:09  Factory  
  23  2:16  SCV  
  25  2:24  Barracks Reactor  
  25  2:28  SCV  
  25  2:37  Command Center  
  25  2:40  SCV  
  26  2:50  Orbital Command  
  26  2:52  SCV  
  27  3:01  Starport, Refinery  
  27  3:04  SCV  
  28  3:07  Hellion  
  28  3:10  Hellion  
  32  3:15  SCV  
  32  3:16  Marine  
  32  3:17  SCV  
  35  3:27  SCV  
  35  3:29  Hellion, SCV  
  35  3:32  Hellion  
  41  3:38  Viking  
  41  3:39  SCV  
  41  3:41  SCV  
  45  3:43  Barracks Tech Lab  
  45  3:50  Hellion  
  45  3:53  Hellion, Orbital Command  
  49  3:56  SCV x2  
  49  4:02  Fusion Core  
  51  4:05  Refinery  
  51  4:09  SCV  
  52  4:10  SCV  
  52  4:12  Supply Depot  
  53  4:18  Barracks Tech Lab  
  53  4:20  Hellion x2, SCV  
  53  4:22  SCV  
  53  4:24  SCV  
  60  4:30  Supply Depot  
  60  4:32  SCV  
  60  4:34  SCV  
  62  4:38  Supply Depot  
  62  4:39  SCV  
  62  4:44  SCV  
  64  4:46  SCV  
  64  4:52  Battlecruiser  
  71  4:53  SCV  
  71  4:54  Supply Depot  
  71  4:56  Marine, SCV  
  71  4:58  SCV  
  75  5:02  Stimpack  
  75  5:05  Barracks  
  75  5:06  Barracks  
  75  5:07  SCV  
  75  5:09  Orbital Command  
  75  5:11  Refinery  
  75  5:12  Factory Reactor  
  76  5:14  Marine, SCV  
  76  5:19  SCV  
  79  5:21  Engineering Bay  
  79  5:22  Engineering Bay  
  79  5:26  SCV  
  79  5:28  Supply Depot  
  80  5:31  SCV  
  80  5:32  Marine  
  82  5:36  SCV  
  82  5:38  SCV  
  84  5:43  SCV  
  84  5:48  SCV  
  86  5:50  Marine, SCV  
  86  5:52  Terran Infantry Armor Level 1, Terran Infantry Weapons Level 1  
  86  5:55  Barracks, SCV  
  86  5:56  Barracks  
  87  6:01  SCV  
  87  6:03  Marine x4, SCV  
  87  6:04  Starport Reactor  
  93  6:05  Siege Tank  
  93  6:08  SCV  
  93  6:09  Marine  
  98  6:13  SCV  
  98  6:15  SCV  
  100  6:20  SCV  
  101  6:27  Supply Depot  
  101  6:30  Supply Depot, Marine x5  
  101  6:31  Supply Depot, SCV x2  
  109  6:33  Armory  
  109  6:37  Supply Depot  
  109  6:46  Barracks Reactor  
  109  6:47  Barracks Reactor  
  108  6:48  Refinery, Marine  
  108  6:49  Refinery, Marine x4, Medivac x2  
  108  6:51  Supply Depot x2  
  108  6:52  SCV x3  
  120  6:58  Combat Shield  
  120  7:02  Siege Tank  
  120  7:04  SCV x2  
  120  7:05  SCV  
  120  7:06  Marine  
  120  7:07  Marine x4  
  131  7:14  Supply Depot  
  131  7:16  SCV x2  
  133  7:23  Medivac  
  133  7:24  Supply Depot, Marine x5, Medivac  
  133  7:29  Marine x3  
  144  7:30  Marine  
  144  7:35  Factory  
  146  7:42  Marine x5  
  151  7:46  Siege Tank  
  151  7:47  Marine x2  
  151  7:51  Marine x2  
  156  7:53  Command Center, Medivac  
  156  7:56  Medivac  
  162  7:59  Marine  
  162  8:00  Marine x4  
  162  8:05  Marine x2  
  168  8:09  Marine x2  
  164  8:14  SCV  
  164  8:15  Terran Infantry Weapons Level 2, Terran Infantry Armor Level 2  
  164  8:17  Marine  
  164  8:18  Marine x4  
  160  8:23  Marine x2  
  160  8:26  Factory Tech Lab, SCV  
  160  8:27  Marine  
  163  8:28  Marine  
  163  8:31  Supply Depot  
  163  8:32  Supply Depot  
  164  8:35  Marine, Medivac x2  
  164  8:36  Marine x4  
  173  8:44  Marine x3  
  173  8:45  Siege Tank, Marine  
  173  8:46  Siege Tank, Supply Depot  
  171  8:55  Marine x2  
  172  8:59  Marine x3  
  172  9:00  Sensor Tower  
  172  9:02  Marine x3  
  178  9:03  Marine  
  183  9:13  Marine, SCV x2  
  183  9:15  SCV  
  183  9:16  Barracks x2  
  184  9:17  Barracks  
  184  9:18  Siege Tank  
  184  9:19  Marine x2  
  189  9:25  SCV x2  
  189  9:26  Siege Tank  
  189  9:27  SCV  
  189  9:30  Terran Vehicle And Ship Armor Level 1, Marine x2  
  197  9:32  Marine x2  
  197  9:38  SCV  
  194  9:39  Marine x2, SCV  
  194  9:44  Planetary Fortress  
  197  9:56  Marauder, Marine  
  200  10:06  Barracks Tech Lab, Refinery x2  
  200  10:07  Barracks Tech Lab x2  
  200  10:08  Ghost Academy  
  200  10:09  Factory  
  195  10:15  Command Center  
  195  10:18  Command Center  
  190  10:24  Siege Tank x2  
  190  10:28  Marauder x4  
  187  10:47  Marine x2  
  187  10:49  Marauder x2  
  191  10:54  Factory Tech Lab  
  191  10:55  Marauder x2  
  191  10:56  Siege Tank  
  198  10:57  Marine  
  198  11:00  Marine  
  200  11:08  Sensor Tower  
  190  11:19  Ghost x3  
  190  11:20  Ghost  
  198  11:29  Orbital Command  
  198  11:30  Orbital Command  
  198  11:31  Marine  
  199  11:35  Marine  
  199  11:39  Marine x3  
  195  11:40  Marine x2  
  195  11:46  Marine  
  177  11:47  Ghost  
  177  11:48  Ghost, SCV x3  
  177  11:49  Marine, Marauder x2, Orbital Command, SCV  
  161  11:54  Marine  
  161  11:57  Marine x3  
  161  11:58  Marine  
  161  11:59  SCV x2  
  161  12:00  SCV x2  
  161  12:01  SCV  
  167  12:10  Marauder x2  
  167  12:11  SCV x2  
  167  12:12  SCV x2  
  167  12:13  Siege Tank x2, SCV  
  182  12:17  Marauder x2  
  186  12:28  SCV  
  186  12:34  Engineering Bay x2  
  186  12:40  Personal Cloaking  
  186  12:43  Ghost x2  
  186  12:44  SCV  
  186  12:47  Supply Depot, Ghost  
  186  12:51  Marine  
  194  12:54  Concussive Shells  
  194  13:00  Terran Infantry Weapons Level 3  
  194  13:02  Terran Infantry Armor Level 3  
  194  13:06  Drilling Claws  
  194  13:07  Marine  
  194  13:08  Ghost, Widow Mine, Marine  
  194  13:10  Medivac  
  194  13:19  Ghost x2  
  198  13:20  Ghost  
  187  13:47  Ghost x2, Widow Mine x2  
  195  13:48  Ghost  
  195  13:49  Medivac  
  199  14:02  Command Center  
  197  14:04  Ghost  
  197  14:25  Ghost x2  
  197  14:27  Marine x3  
  185  14:31  Marine x2  
  185  14:33  Marine x2  
  185  14:36  Medivac x2  
  185  14:37  Orbital Command  
  150  14:46  Ghost x2  
  152  14:53  Marine x2  
  152  14:54  Marine x2  
  152  14:57  Siege Tank x2  
  162  15:00  Ghost x2  
  162  15:01  Orbital Command  
  162  15:06  Medivac x2  
  170  15:08  Marine  
  170  15:09  Marine  
  171  15:21  Ghost x2  
  171  15:22  Supply Depot  
  171  15:23  Supply Depot  
  173  15:34  Marine  
  173  15:35  Marine  

Tags
 
Add a new tag
Caveats
  • Supply blocks, unpowered buildings, or Contaminate may cause inaccurate times.
  • Supply counts are checked every 10 seconds.